 Dungeon Crawl Stone Soup version 0.29.1-13-g9f3cf754e1 (webtiles) character file.

Game seed: 13283997352403693014

7 theswoord the Trooper (level 1, 0/18 HPs)
             Began as a Demonspawn Fighter on Feb 1, 2023.
             Slain by Terence
             ... wielding a +0 vorpal flail
              (1 damage)
             ... on level 2 of the Dungeon.
             The game lasted 00:02:11 (254 turns).

theswoord the Trooper (Demonspawn Fighter)           Turns: 254, Time: 00:02:12

Health: 0/18       AC:  6    Str: 16    XL:     1   Next: 83%
Magic:  1/1        EV:  8    Int:  9    God:
Gold:   46         SH:  4    Dex: 12    Spells: 0/0 levels left

rFire   . . .      SeeInvis .   a - +0 war axe
rCold   . . .      Faith    .   c - +0 buckler
rNeg    . . .      Spirit   .   b - +0 scale mail
rPois   .          Reflect  .   (no helmet)
rElec   .          Harm     .   (no cloak)
rCorr   .          Rampage  .   (no gloves)
Will    .....                   (no boots)
Stlth   ..........              (no amulet)
HPRegen 0.06/turn               (no ring)
MPRegen 0.07/turn               (no ring)

@: no status effects
A: no striking features
a: no special abilities


You were on level 2 of the Dungeon.
You visited 1 branch of the dungeon, and saw 2 of its levels.

You collected 46 gold pieces.

Inventory:

Hand Weapons
 a - a +0 war axe (weapon)
Armour
 b - a +0 scale mail (worn)
 c - a +0 buckler (worn)
Jewellery
 e - an amulet of reflection
Potions
 d - a potion of might


   Skills:
 - Level 3.0 Fighting
 + Level 2.4 Axes
 - Level 2.6 Armour
 - Level 2.6 Shields


You couldn't memorise any spells.
You didn't know any spells.
Your spell library was empty.

Dungeon Overview and Level Annotations

Branches:
Dungeon (2/15)

Altars:

Annotations:
D:2 Terence


Message History

The bat hits you but does no damage. The frilled lizard barely misses you.
You closely miss the frilled lizard. The frilled lizard barely misses you.
You slash the frilled lizard!
You kill the frilled lizard!
The bat barely misses you. You block the goblin's attack.
You slash the goblin!
You kill the goblin!
The bat barely misses you. The bat misses you.
You barely miss the bat. You hit the endoplasm. The bat barely misses you.
The endoplasm freezes you.
You are frozen.
The endoplasm freezes you.
You are frozen.
You slash the endoplasm!
You kill the endoplasm!
The bat hits you but does no damage.
You barely miss the bat. The bat hits you but does no damage. x2
You block the bat's attack.
You barely miss the bat. You block the bat's attack. The bat hits you.
You hit the bat.
You kill the bat!
No target in view!
No target in view!
Things that are here:
a +0 dagger; a bat corpse; a goblin corpse Terence the Incautious comes into view.
He is wielding a +0 vorpal flail.
Found 12 gold pieces.
You hit Terence but do no damage. You block Terence's attack.
Terence closely misses you.
You closely miss Terence.
Terence hits you with a +0 vorpal flail.
* * * LOW HITPOINT WARNING * * *
x2 Unknown command.
You hit Terence but do no damage. You block Terence's attack.
You barely miss Terence. Terence hits you but does no damage.
Terence says, "How do you enjoy it?"
Terence hits you with a +0 vorpal flail.
* * * LOW HITPOINT WARNING * * *
You die...

###.# #...# . ##.###
$. #..# ... ##.##
... #..# .. #.###
#.#### #.#.# #.@@.#
######.#.#
###..####......#.#
#....##.####...#
..###.##)##.####.###
#..........>.....#
#####.#.##########
#...# #####


You could see Terence.

Vanquished Creatures
  A ball python (D:1)
  2 bats (D:2)
  An endoplasm (D:2)
  2 frilled lizards (D:2)
  A goblin (D:2)
7 creatures vanquished.

Notes
Turn   | Place    | Note
-------+----------+-------------------------------------------
     0 | D:1      | theswoord the Demonspawn Fighter began the quest for the
                  | Orb.
     0 | D:1      | Reached XP level 1. HP: 18/18 MP: 1/1
    52 | D:1      | You fall into a shaft and drop 1 floor!
   249 | D:2      | Noticed Terence
   254 | D:2      | Slain by Terence

Skill      XL: |  1 |
---------------+----+-----
Axes           | 2 |  2.4
Fighting       | |  3.0
Armour         | |  2.6
Shields        | |  2.6

Action                   || total
-------------------------++-------
Melee: War axe           ||    19
Armor: Scale mail        ||    12
Dodge: Dodged            ||    12
Block: Buckler           ||     6

Levels and vault maps discovered:
D:1:      wheals_arrival_shading, layout_basic, chequers_ecumenical_altar_lobes
D:2:      layout_basic, hangedman_abyss_or_decor_lesser_grid,
          uniq_crazy_yiuf_cottage, uniq_terence
